 Dungeon Crawl Stone Soup version 0.16-a0-2622-gbfab2ba (console) character file.

129 nht the Cudgeler (level 5, -1/81 HPs)
             Began as an Ogre Berserker on Nov 22, 2014.
             Was a Priest of Trog.
             Slain by an orc
             ... wielding a +0 trident
              (8 damage)
             ... on level 3 of the Dungeon.
             The game lasted 00:02:37 (2569 turns).

nht the Cudgeler (Ogre Berserker)                   Turns: 2569, Time: 00:02:37

Health: -1/81      AC:  3    Str: 32    XL:     5   Next: 12%
Magic:  5/5        EV: 10    Int:  6    God:    Trog [***...]
Gold:   93         SH:  0    Dex:  9    Spells: 0 memorised, 4 levels left

rFire  + . .     SeeInvis .     a - +0 mace
rCold  . . .     Clarity  .     b - +0 animal skin
rNeg   . . .     SustAb   .     (shield restricted)
rPois  .         Gourm    .     (helmet restricted)
rElec  .         Spirit   .     (no cloak)
rCorr  .         Warding  .     (gloves unavailable)
rMut   .         Stasis   .     (boots unavailable)
MR     .....                    (no amulet)
Stlth  ..........               g - ring of protection from fire
                                f - +4 ring of strength

@: berserking, very quick, not resistant to hostile enchantments, extremely
unstealthy
A: unfitting armour, tough skin 1
a: Burn Spellbooks, Berserk, Trog's Hand, Renounce Religion


You were on level 3 of the Dungeon.
You worshipped Trog.
Trog was most pleased with you.
You were hungry.

You visited 1 branch of the dungeon, and saw 3 of its levels.

You collected 93 gold pieces.

Inventory:

Hand weapons
 a - a +0 mace (weapon)
Armour
 b - a +0 animal skin (worn)
Jewellery
 f - a +4 ring of strength (left hand)
 g - a ring of protection from fire (right hand)
Magical devices
 k - a wand of frost (6)
Scrolls
 d - a scroll of recharging {unknown}
 i - 2 scrolls of remove curse {unknown}
 n - a scroll of teleportation {unknown}
 o - 3 scrolls of magic mapping {unknown}
Potions
 c - 3 potions of curing {unknown}
 e - a potion of agility {unknown}
 h - a potion of heal wounds {unknown}
 j - a potion of flight {unknown}
Comestibles
 l - a slice of pizza
 m - a bread ration
 p - a chunk of flesh


   Skills:
 - Level 4.0 Fighting
 + Level 7.5 Maces & Flails
 - Level 1.5 Armour
 - Level 1.7 Dodging


You had 4 spell levels left.
You didn't know any spells.

Dungeon Overview and Level Annotations

Branches:
Dungeon (3/15)

Altars:
Dithmenos
Elyvilon
Zin


Innate Abilities, Weirdness & Mutations

You are too large for most types of armour.
You have tough skin (AC +1).


Message History

You are too injured to fight recklessly!
You are too injured to fight recklessly!
You are too injured to fight recklessly!
You sock the orc priest!
The orc priest is almost dead.
The orc priest becomes somewhat translucent.
The orc closely misses you.
The orc hits you from afar with a trident.
* * * LOW HITPOINT WARNING * * *
You closely miss the orc priest.
The orc priest is almost dead.
The orc moves out of view.
The orc hits you with a short sword of speed.
* * * LOW HITPOINT WARNING * * *
The orc priest hits you with a short sword.
* * * LOW HITPOINT WARNING * * *
You closely miss the orc priest.
The orc priest is almost dead.
The orc hits you from afar with a trident!
You die...

█<█.███.█.█..██████.█..█....█
█.. █.█.█
█.█.█.......█.█..█....█ █..
█.█.█ █.█.██.████.█.█..█....█
█. █.█.█ █.█.██.█ █......█...
█.█.█ █.█....█ █......█ █.█.█
█.██████ █...█..█ █.█[. ....
........█ █.█████.████
███.█.█...█ .............
..o.......
████..█.█████████o█.███.██
█).█.█.......@o█.█ >█
█....█.█████████..
█..█.█.██████████
█.██.█..........█
█.██.██████████.█
█.██.██████████.█
█.██.........██.█
█.██.███████.██.█
█.██............█
█............██.█
████.███████.██.█


You could see an orc priest and 2 orcs.

Vanquished Creatures
  3 gnolls (D:2)
  3 adders
  An adder skeleton (D:3)
  2 orcs (D:3)
  A ball python (D:1)
  14 bats
  3 giant cockroaches
  4 hobgoblins
  4 jackals (D:3)
  2 quokkas (D:3)
  2 giant geckos
  4 giant newts
  7 goblins
  11 kobolds
  8 rats
69 creatures vanquished.

Notes
Turn   | Place    | Note
--------------------------------------------------------------
     0 | D:1      | nht, the Ogre Berserker, began the quest for the Orb.
     0 | D:1      | Reached XP level 1. HP: 24/24 MP: 1/1
   274 | D:1      | Reached XP level 2. HP: 30/32 MP: 2/2
   513 | D:1      | Reached skill level 5 in Maces & Flails
  1214 | D:2      | Acquired Trog's second power
  1303 | D:2      | Reached XP level 3. HP: 24/39 MP: 3/3
  1625 | D:2      | Reached skill level 6 in Maces & Flails
  1820 | D:2      | Reached XP level 4. HP: 40/48 MP: 4/4
  2003 | D:2      | Found a glowing silver altar of Zin.
  2093 | D:3      | Found a shadowy altar of Dithmenos.
  2106 | D:3      | Reached skill level 7 in Maces & Flails
  2264 | D:3      | Found a white marble altar of Elyvilon.
  2290 | D:3      | Reached XP level 5. HP: 32/54 MP: 5/5
  2569 | D:3      | Slain by an orc

Action                   |  1- 3 |  4- 6 || total
-------------------------+-------+-------++-------
Melee: Mace              |   129 |   102 ||   231
Invok: Berserk           |       |     3 ||     3
  Eat: Meat ration       |     1 |       ||     1
       Chunk             |       |     2 ||     2
